 Dungeon Crawl Stone Soup version 0.22-a0-305-gd21a89c (webtiles) character file.

139 novoplayer the Skirmisher (level 5, -6/48 HPs)
             Began as a Hill Orc Berserker on Mar 30, 2018.
             Was a Believer of Trog.
             Mangled by Natasha (7 damage)
             ... on level 2 of the Dungeon.
             The game lasted 00:07:00 (2109 turns).

novoplayer the Skirmisher (Hill Orc Berserker)      Turns: 2109, Time: 00:07:01

Health: -6/48      AC:  3    Str: 21    XL:     5   Next: 22%
Magic:  5/5        EV: 12    Int:  7    God:    Trog [**....]
Gold:   100        SH:  0    Dex: 10    Spells: 4/4 levels left

rFire    x . .     SeeInvis .   n - +3 mace
rCold    + . .     Gourm    .   (no shield)
rNeg     . . .     Faith    .   e - +0 leather armour
rPois    .         Spirit   .   (no helmet)
rElec    .         Reflect  .   (no cloak)
rCorr    .         Harm     .   (no gloves)
MR       .....                  (no boots)
Stlth    +.........             (no amulet)
HPRegen  0.16/turn              d - ring of ice
MPRegen  0.09/turn              j - ring of flight

@: no status effects
A: no striking features
a: Berserk, Trog's Hand, Renounce Religion, Evoke Flight


You were on level 2 of the Dungeon.
You worshipped Trog.
Trog was pleased with you.
You were not hungry.

You visited 1 branch of the dungeon, and saw 2 of its levels.

You collected 100 gold pieces.

Inventory:

Hand Weapons
 a - a +0 mace
 n - a +3 mace (weapon)
Armour
 b - a +0 animal skin
 e - a +0 leather armour (worn)
Jewellery
 d - a ring of ice (left hand)
 f - a +4 amulet of reflection {unknown}
 j - a ring of flight (right hand)
Scrolls
 h - a scroll of fear {unknown}
 i - 2 scrolls of enchant armour {unknown}
 k - a scroll of noise {unknown}
 l - a scroll of teleportation {unknown}
 m - 4 scrolls of identify {unknown}
Potions
 g - 2 potions of might {unknown}
 o - a potion of agility {unknown}
 p - a potion of haste {unknown}
 r - a potion of brilliance {unknown}
 s - a potion of curing {unknown}
Comestibles
 c - 9 rations
 q - 5 chunks of flesh


   Skills:
 + Level 5.2 Fighting
 + Level 4.6 Maces & Flails
 + Level 2.8 Armour
 + Level 2.0 Dodging


You had 4 spell levels left.
You didn't know any spells.

Dungeon Overview and Level Annotations

Branches:
Dungeon (2/15)

Altars:

Annotations:
D:2 Natasha


Message History

Unknown command.
Unknown command.
You start resting.
Natasha, Servant of Life and Death comes into view.
Natasha mumbles some strange words.
You start resting.
Natasha hisses.
Natasha misses you.
You hit Natasha.
Natasha is moderately wounded.
Natasha claws you!
* * * LOW HITPOINT WARNING * * *
You hit Natasha.
Natasha is severely wounded.
Natasha claws you.
* * * LOW HITPOINT WARNING * * *
You miss Natasha.
Natasha is severely wounded.
Natasha claws you!
You die...

...#..# #....#.####.#
...#..###....#.####.####
#####........#5#.......#
.......##....#.#.......#
.............#.#.......#
.......##....#h#.......#
.......##....#.#.......#
.......##....#.#.......#
........####.#5h@......#
......#.......##.......#
......#.......#........#
#...###.......#.....####
#...# #.......#.....#
#...# ##..##.##.....#
##### ##.##.##.....#
#..#.##.....#
##.#.########


You could see Natasha and a crimson imp.

Vanquished Creatures
  Natasha (twice) (D:2)
  Terence (D:2)
  A gnoll (D:1)
  2 adders (D:2)
  A worm (D:2)
  A dart slug (D:1)
  3 leopard geckos
  7 bats
  2 giant cockroaches
  4 hobgoblins
  3 jackals (D:2)
  A ball python (D:2)
  2 frilled lizards
  3 kobolds
  5 rats
38 creatures vanquished.

Notes
Turn   | Place    | Note
-------+----------+-------------------------------------------
     0 | D:1      | novoplayer the Hill Orc Berserker began the quest for the Orb.
     0 | D:1      | Reached XP level 1. HP: 19/19 MP: 1/1
   351 | D:1      | Reached skill level 4 in Fighting
   351 | D:1      | Reached XP level 2. HP: 27/27 MP: 2/2
   776 | D:1      | Reached XP level 3. HP: 27/33 MP: 3/3
  1404 | D:2      | Reached ** piety under Trog
  1494 | D:2      | Noticed Terence
  1504 | D:2      | Killed Terence
  1504 | D:2      | Reached XP level 4. HP: 25/41 MP: 4/4
  1787 | D:2      | Noticed Natasha
  1794 | D:2      | Killed Natasha
  1794 | D:2      | Reached skill level 5 in Fighting
  2054 | D:2      | Noticed Natasha
  2066 | D:2      | Killed Natasha
  2066 | D:2      | Reached XP level 5. HP: 8/48 MP: 5/5
  2093 | D:2      | Noticed Natasha
  2108 | D:2      | HP: 1/48 [Natasha (6)]
  2109 | D:2      | Mangled by Natasha

Vault maps used:
D:1:      shiori_arrival_elements
D:2:      lemuel_upstairs_altar, first_ration, uniq_natasha, uniq_terence

Skill      XL: |  1  2  3  4 |
---------------+-------------+-----
Fighting       | 4 5 |  5.2
Maces & Flails | 4 |  4.6
Dodging        | 2 |  2.0
Armour         | |  2.8

Action                   |  1- 3 |  4- 6 || total
-------------------------+-------+-------++-------
Melee: Mace              |    78 |    58 ||   136
  Eat: Chunk             |     1 |       ||     1
       Ration            |       |     1 ||     1
Armor: Leather armour    |    29 |    21 ||    50
Dodge: Dodged            |    52 |    52 ||   104

Table legend:
 A = Spawn XP
 B = Non-spawn XP
 C = Spawn XP percentage of total XP
 D = Spawn monster count
 E = Non-spawn monster count
 F = Spawn count percentage of total count
 G = Total turns spent on level
                    A         B        C        D         E        F      G
               +---------+---------+-------+---------+---------+-------+---------
         Total |       0 |     199 |   0.0 |       0 |      38 |   0.0 |  2109
               +---------+---------+-------+---------+---------+-------+---------
           D:1 |       0 |      38 |   0.0 |       0 |      15 |   0.0 |  1135
           D:2 |       0 |     161 |   0.0 |       0 |      23 |   0.0 |   974
               +---------+---------+-------+---------+---------+-------+---------
